 Dungeon Crawl Stone Soup version 0.29.0-5-ge4962eb29e (webtiles) character file.

Game seed: 14068305013249692483

4096 themarg the Martial Artist (level 10, -7/76 HPs)
             Began as a Gnoll Transmuter on Aug 29, 2022.
             Was an Initiate of Gozag.
             Mangled by a vault guard
             ... wielding a +0 broad axe
              (30 damage)
             ... in a bailey.
             The game lasted 00:27:52 (7090 turns).

themarg the Martial Artist (Gnoll Transmuter)       Turns: 7090, Time: 00:27:53

Health: -7/76      AC:  2    Str:  9    XL:     10   Next: 26%
Magic:  21/21      EV: 25    Int: 16    God:    Gozag
Gold:   1043       SH:  0    Dex: 19    Spells: 17/23 levels left

rFire   . . .      SeeInvis .     - Unarmed
rCold   . . .      Faith    .   (shield currently unavailable)
rNeg    . . .      Spirit   .   (body armour currently unavailable)
rPois   x          Reflect  .   (helmet currently unavailable)
rElec   .          Harm     .   (cloak currently unavailable)
rCorr   .          Rampage  .   (gloves currently unavailable)
Will    .....                   (boots currently unavailable)
Stlth   +++.......              r - amulet of regeneration
HPRegen 1.02/turn               (no ring)
MPRegen 0.17/turn               (no ring)

@: spider-form (expiring)
A: venomous fangs, tiny, (fangs 1), strong nose, distributed training
a: End Transformation, Renounce Religion, Potion Petition, Call Merchant, Bribe
Branch


You were in a bailey.
You worshipped Gozag.
Gozag was most pleased with you.
You were a venomous arachnid creature.
You visited 2 branches of the dungeon, and saw 8 of its levels.
You also visited: Sewer and Bailey.

You collected 1109 gold pieces.
You paid 66 gold pieces to Gozag.

Inventory:

Hand Weapons
 q - the +4 dagger "Morg" (melded) {pain, Will+ Int+5}
   (You found it on level 2 of the Dungeon)

   In the hands of one skilled in necromantic magic, it inflicts extra damage on
   living creatures.
   Int:       It affects your intelligence (+5).
   Will:      It increases your willpower.
 u - the +4 whip of the Indestructible God {flame, Will++}
   (You found it on level 4 of the Dungeon)

   It burns those it strikes, dealing additional fire damage.
   Will:      It greatly increases your willpower.
 D - a +4 flail of draining
Missiles
 G - a throwing net
Armour
 a - a +0 robe (melded)
 m - a +1 cloak
 y - a +0 helmet (melded)
 B - the +2 leather armour of Ignis's Benevolence {Int+3}
   (You found it on level 6 of the Dungeon)

   Int:       It affects your intelligence (+3).
Jewellery
 r - an amulet of regeneration (around neck)
Scrolls
 c - a scroll of fear
 d - 2 scrolls of noise
 h - a scroll of enchant armour {unknown}
 i - 4 scrolls of immolation
 l - 3 scrolls of enchant weapon {unknown}
 o - 3 scrolls of brand weapon {unknown}
 p - a scroll of poison {unknown}
 s - a scroll of teleportation
 t - 2 scrolls of vulnerability {unknown}
 w - a scroll of blinking {unknown}
 E - a scroll of torment {unknown}
 F - a scroll of identify {unknown}
Potions
 b - a potion of lignification
 e - a potion of flight {unknown}
 f - 3 potions of attraction {unknown}
 g - 2 potions of heal wounds
 j - a potion of magic
 k - 2 potions of degeneration {unknown}
 n - 5 potions of curing {unknown}
 v - 3 potions of might {unknown}
 x - a potion of experience {unknown}
 z - a potion of invisibility {unknown}
 A - 2 potions of cancellation {unknown}
 C - a potion of brilliance {unknown}
 H - 2 potions of haste {unknown}


   Skills:
 + Level 6.0 Fighting
 + Level 5.3 Short Blades
 + Level 5.3 Long Blades
 + Level 5.3 Axes
 + Level 5.3 Maces & Flails
 + Level 5.3 Polearms
 + Level 5.3 Staves
 + Level 5.3 Ranged Weapons
 + Level 5.3 Throwing
 + Level 5.3 Armour
 + Level 7.1 Dodging
 + Level 5.3 Stealth
 + Level 5.3 Shields
 + Level 8.5 Unarmed Combat
 + Level 7.4 Spellcasting
 + Level 4.3 Conjurations
 + Level 4.3 Hexes
 + Level 4.3 Summonings
 + Level 4.3 Necromancy
 + Level 4.3 Translocations
 + Level 5.9 Transmutations
 + Level 4.3 Fire Magic
 + Level 4.3 Ice Magic
 + Level 4.3 Air Magic
 + Level 4.3 Earth Magic
 + Level 4.3 Poison Magic
 + Level 5.8 Invocations
 + Level 5.3 Evocations


You had 17 spell levels left.
You knew the following spells:

 Your Spells              Type           Power      Damage    Failure   Level
a - Beastly Appendage     Tmut           48%        N/A       5%          1
b - Wereblood             Tmut           24%        N/A       7%          2
c - Spider Form           Tmut/Pois      22%        N/A       13%         3

Your spell library contained the following spells:

 Spells                   Type           Power      Damage    Failure   Level
 Foxfire                  Conj/Fire      76%        2x1d7     8%          1
 Magic Dart               Conj           76%        1d6       8%          1
 Sandblast                Erth           38%        2d10      8%          1
 Passwall                 Tmut/Erth      18%        N/A       9%          2
 Call Imp                 Summ           19%        N/A       11%         2
 Conjure Flame            Conj/Fire      19%        6-21      17%         3
 Inner Flame              Hex/Fire       19%        N/A       17%         3
 Mephitic Cloud           Conj/Pois/Air  19%        N/A       17%         3
 Stone Arrow              Conj/Erth      38%        3d9       17%         3
 Ice Form                 Ice/Tmut       22%        N/A       32%         4
 Flame Wave               Conj/Fire      19%        2d7       41%         4
 Haunt                    Necr/Summ      9%         N/A       100%        7
 Infestation              Necr           9%         N/A       100%        8
 Animate Dead             Necr           Unusable   N/A       N/A         4

Dungeon Overview and Level Annotations

Branches:
Dungeon (7/15)             Temple (1/1) D:4           Sewer (visited)
 Bailey (1/1)

Altars:
Ashenzari
Dithmenos
Elyvilon
Fedhas
Gozag
Hepliaklqana
Kikubaaqudgha
Makhleb
Ru
Sif Muna
Trog
Uskayaw
Vehumet
Wu Jian
Xom
Yredelemnul
Zin
The Shining One


Innate Abilities, Weirdness & Mutations

You are a venomous arachnid creature.
You have poisonous fangs.
You are tiny and dextrous.
Your spellcasting is less reliable in this form.
Your armour is entirely melded.
You are incapable of wielding weapons or throwing items.
((You have very sharp teeth.))
Your uncanny sense of smell can sniff out nearby items.
Your experience applies equally to all skills.


Message History

You feel strangely unstable.
The vault guard hits you with a +0 broad axe!!
* * * LOW HITPOINT WARNING * * *
Your surroundings suddenly seem different.
H - 2 white potions
g - 3 potions of heal wounds (gained 2)
You see here a scroll of teleportation.
As you read the scroll of teleportation, it crumbles to dust.
You feel strangely unstable.
You see here a scroll of teleportation.
s - a scroll of teleportation The vault guard misses you.
You see here a scroll labelled GUYKEI AKITEPTEU.
o - 3 scrolls labelled GUYKEI AKITEPTEU (gained 1)
Your surroundings suddenly seem different.
Splash!
You fall into the shallow water.
Moving in this stuff is going to be slow.
A vault guard comes into view. It is wielding a +0 broad axe.
Found a scroll labelled ECKYOP SAXOAHYA and 2 yellow potions.
You open the door.
The vault guard hits you with a +0 broad axe!
* * * LOW HITPOINT WARNING * * *
There is an open door here.
Your transformation is almost over.
The vault guard attacks as you move away!
The vault guard hits you with a +0 broad axe!!
* * * LOW HITPOINT WARNING * * *
The vault guard attacks as you move away!
The vault guard hits you with a +0 broad axe.
* * * LOW HITPOINT WARNING * * *
You feel much better.
The vault guard hits you with a +0 broad axe.
* * * LOW HITPOINT WARNING * * *
The vault guard attacks as you move away!
The vault guard barely misses you. x2
The vault guard attacks as you move away!
The vault guard hits you with a +0 broad axe!!
You die...
Your body crumbles into a pile of gold.

###### ###.'.~###
##~.≈#..~~# ##~~.≈#~...~#
#~~~.≈##~...#
#######~.p~≈###?!#########
##!....##.s~~≈≈####≈≈#....#
#?$.....#p..~~~≈≈≈≈~~#.....
#....∩..'.....~~~~~.)'..#..
#..p....#............#..#..
##.....##..~~.~..~≈≈≈#..##.
#######~.~~~...~≈#######..
#≈~~~~~~~~~≈##.......
##≈~~~~~~~~~≈#....))#
##≈≈~~~~~≈≈##'#...)'


You could see 2 vault guards.

Vanquished Creatures
  Prince Ribbit (Bailey)
  Sigmund (D:6)
  5 yaks
  4 humans (Bailey)
  Edmund (D:6)
  A water moccasin (D:7)
  2 ice beasts (D:6)
  2 phantoms
  Blork the orc (D:6)
  3 kobold brigands (Sewer)
  7 bullfrogs
  3 scorpions
  2 orc priests
  2 jellies
  2 gnoll boudas
  4 hounds
  Crazy Yiuf (D:5)
  3 iguanas
  Natasha (twice) (D:2)
  An orc wizard (D:2)
  27 gnolls
  2 river rats (Sewer)
  9 adders
  A shadow imp (D:7)
  A white imp (D:6)
  A spectral adder (D:2)
  An adder skeleton (D:2)
  5 worms
  5 dart slugs
  14 orcs
  3 bats
  A bat skeleton (D:2)
  A bat zombie (D:2)
  7 endoplasms
  8 giant cockroaches
  10 goblins
  8 hobgoblins
  2 jackals (Sewer)
  8 kobolds
  3 quokkas (D:3)
  12 ball pythons
  A ball python skeleton (D:2)
  6 frilled lizards
  A quokka skeleton (D:2)
  6 rats
191 creatures vanquished.

Vanquished Creatures (others)
  5 plants (Sewer)
  20 withered plants (D:2)
25 creatures vanquished.

Grand Total: 216 creatures vanquished

Notes
Turn   | Place    | Note
-------+----------+-------------------------------------------
     0 | D:1      | themarg the Gnoll Transmuter began the quest for the Orb.
     0 | D:1      | Reached XP level 1. HP: 17/17 MP: 6/6
   344 | D:1      | Reached XP level 2. HP: 23/23 MP: 5/7
   347 | D:1      | Learned a level 2 spell: Wereblood
   530 | D:1      | Found a faded altar of an unknown god.
   837 | D:2      | Reached skill level 5 in Spellcasting
   837 | D:2      | Reached XP level 3. HP: 27/28 MP: 6/9
  1117 | D:2      | Found a sacrificial altar of Ru.
  1237 | D:2      | Reached skill level 1 in Invocations
  1246 | D:2      | Reached skill level 1 in Short Blades
  1246 | D:2      | Reached skill level 1 in Long Blades
  1246 | D:2      | Reached skill level 1 in Axes
  1246 | D:2      | Reached skill level 1 in Maces & Flails
  1246 | D:2      | Reached skill level 1 in Polearms
  1246 | D:2      | Reached skill level 1 in Staves
  1246 | D:2      | Reached skill level 1 in Ranged Weapons
  1246 | D:2      | Reached skill level 1 in Throwing
  1246 | D:2      | Reached skill level 1 in Armour
  1246 | D:2      | Reached skill level 1 in Stealth
  1246 | D:2      | Reached skill level 1 in Shields
  1246 | D:2      | Reached skill level 1 in Evocations
  1408 | D:2      | Reached skill level 1 in Conjurations
  1408 | D:2      | Reached skill level 1 in Hexes
  1408 | D:2      | Reached skill level 1 in Summonings
  1408 | D:2      | Reached skill level 1 in Necromancy
  1408 | D:2      | Reached skill level 1 in Translocations
  1408 | D:2      | Reached skill level 1 in Fire Magic
  1408 | D:2      | Reached skill level 1 in Ice Magic
  1408 | D:2      | Reached skill level 1 in Air Magic
  1408 | D:2      | Reached skill level 1 in Earth Magic
  1408 | D:2      | Reached skill level 1 in Poison Magic
  1408 | D:2      | Reached XP level 4. HP: 20/34 MP: 8/11
  1634 | D:2      | Reached XP level 5. HP: 39/40 MP: 10/12
  1670 | D:2      | Learned a level 3 spell: Spider Form
  1916 | D:2      | Noticed Natasha
  1927 | D:2      | Killed Natasha
  1932 | D:2      | Found the +4 dagger "Morg" {pain, Will+ Int+5}
  2108 | D:2      | Noticed Natasha
  2116 | D:2      | Killed Natasha
  2843 | D:3      | Identified the +2 dagger of Imbalance {protect, Will+ rCorr
                  | Dex-5}
  3059 | D:3      | Reached XP level 6. HP: 47/47 MP: 11/13
  3072 | D:4      | Reached skill level 5 in Dodging
  3309 | D:4      | Found a staircase to the Ecumenical Temple.
  3319 | Temple   | Entered the Ecumenical Temple
  3473 | Temple   | Became a worshipper of Gozag Ym Sagoz the Greedy
  3625 | D:4      | Found a sacrificial altar of Ru.
  3714 | D:4      | Identified the +4 whip of the Indestructible God {flame,
                  | Will++}
  3820 | D:4      | Reached skill level 7 in Unarmed Combat
  3820 | D:4      | Reached XP level 7. HP: 52/52 MP: 12/15
  4266 | D:5      | Entered Level 5 of the Dungeon
  4519 | D:5      | Found a glowing drain.
  4523 | Sewer    | Entered a sewer
  4725 | Sewer    | Reached XP level 8. HP: 51/60 MP: 13/16
  5670 | D:5      | Found a runed translucent door.
  5671 | D:5      | Noticed Crazy Yiuf
  5679 | D:5      | Killed Crazy Yiuf
  5746 | D:6      | Noticed a yak
  5746 | D:6      | Noticed a yak
  5746 | D:6      | Noticed a yak
  5746 | D:6      | Noticed a yak
  5747 | D:6      | Noticed Sigmund
  5757 | D:5      | Killed a yak
  5852 | D:6      | Identified the +2 leather armour of Ignis's Benevolence
                  | {Int+3}
  5923 | D:6      | Reached skill level 5 in Transmutations
  6025 | D:6      | Noticed Edmund
  6039 | D:6      | Killed Edmund
  6040 | D:6      | Reached XP level 9. HP: 16/66 MP: 18/18
  6264 | D:6      | Noticed Blork the orc
  6282 | D:6      | Killed Sigmund
  6282 | D:6      | Killed Blork the orc
  6283 | D:6      | Reached skill level 5 in Fighting
  6363 | D:6      | Reached skill level 8 in Unarmed Combat
  6379 | D:6      | HP: 3/68 [yak (13)]
  6459 | D:6      | Reached skill level 5 in Invocations
  6816 | D:7      | Found a flagged portal.
  6845 | Bailey   | Entered a bailey
  6911 | Bailey   | Reached skill level 5 in Short Blades
  6911 | Bailey   | Reached skill level 5 in Long Blades
  6911 | Bailey   | Reached skill level 5 in Axes
  6911 | Bailey   | Reached skill level 5 in Maces & Flails
  6911 | Bailey   | Reached skill level 5 in Polearms
  6911 | Bailey   | Reached skill level 5 in Staves
  6911 | Bailey   | Reached skill level 5 in Ranged Weapons
  6911 | Bailey   | Reached skill level 5 in Throwing
  6911 | Bailey   | Reached skill level 5 in Armour
  6911 | Bailey   | Reached skill level 5 in Stealth
  6911 | Bailey   | Reached skill level 5 in Shields
  6911 | Bailey   | Reached skill level 5 in Evocations
  6911 | Bailey   | Reached XP level 10. HP: 39/76 MP: 16/20
  7013 | Bailey   | Noticed Prince Ribbit
  7026 | Bailey   | Killed Prince Ribbit
  7049 | Bailey   | Noticed a vault guard
  7078 | Bailey   | Noticed a vault guard
  7090 | Bailey   | Mangled by a vault guard

Illustrated notes

Levels and vault maps discovered:
D:1:      lightli_arrival_statuegarden, layout_basic,
          ebering_ecumenical_altar_abandoned, chequers_decorated_corner
D:2:      layout_rooms, basic_altar, dilly_guarded_unrand_morg
D:3:      layout_basic
D:4:      layout_gridville, mainiacjoe_overflow_alcove_1,
          minmay_temple_entry_drinking_statues
D:5:      layout_loops_ring, gup_sewer_entry_bowl, uniq_crazy_yiuf_cottage
D:6:      layout_cave_pools, uniq_sigmund, uniq_edmund, uniq_blork_the_orc
D:7:      layout_loops_cross, nicolae_qazlal_general_emergency, enter_bailey_4,
          chequers_serial_rivers_large_a, abandoned_shop
Temple:   minmay_crystal_spiral_temple
Bailey:   bailey_axe_froggy_fort_hellmonk, bailey

Skill      XL: |  1  2  3  4  5  6  7  8  9 10 |
---------------+-------------------------------+-----
Spellcasting   | 5 6 7 |  7.4
Invocations    | 1 2 3 4 5 |  5.8
Short Blades   | 1 2 3 4 5 |  5.3
Long Blades    | 1 2 3 4 5 |  5.3
Axes           | 1 2 3 4 5 |  5.3
Maces & Flails | 1 2 3 4 5 |  5.3
Polearms       | 1 2 3 4 5 |  5.3
Staves         | 1 2 3 4 5 |  5.3
Ranged Weapons | 1 2 3 4 5 |  5.3
Throwing       | 1 2 3 4 5 |  5.3
Armour         | 1 2 3 4 5 |  5.3
Stealth        | 1 2 3 4 5 |  5.3
Shields        | 1 2 3 4 5 |  5.3
Evocations     | 1 2 3 4 5 |  5.3
Conjurations   | 1 2 3 4 |  4.3
Hexes          | 1 2 3 4 |  4.3
Summonings     | 1 2 3 4 |  4.3
Necromancy     | 1 2 3 4 |  4.3
Translocations | 1 2 3 4 |  4.3
Fire Magic     | 1 2 3 4 |  4.3
Ice Magic      | 1 2 3 4 |  4.3
Air Magic      | 1 2 3 4 |  4.3
Earth Magic    | 1 2 3 4 |  4.3
Poison Magic   | 1 2 3 4 |  4.3
Fighting       | 3 4 5 6 |  6.0
Transmutations | 4 5 |  5.9
Dodging        | 5 6 7 |  7.1
Unarmed Combat | 7 8 |  8.5

Action                   |  1- 3 |  4- 6 |  7- 9 | 10-12 || total
-------------------------+-------+-------+-------+-------++-------
Melee: Dagger            |    94 |    70 |    25 |       ||   189
       Unarmed           |     7 |    66 |   330 |    46 ||   449
       Kick              |    28 |    17 |       |       ||    45
       Headbutt          |    17 |    12 |       |       ||    29
       Bite              |    11 |     2 |     5 |       ||    18
       Punch             |     3 |     4 |     1 |       ||     8
 Cast: Beastly Appendage |    20 |    20 |       |       ||    40
       Wereblood         |     3 |     2 |     8 |     1 ||    14
       Spider Form       |       |    11 |    41 |     3 ||    55
  Use: Scroll            |       |       |     5 |     2 ||     7
       Potion            |       |       |     2 |     1 ||     3
 Stab: Sleeping          |       |     5 |     1 |       ||     6
       Distracted        |       |       |     2 |     1 ||     3
Armor: Robe              |    18 |    10 |       |       ||    28
       Skin              |       |     2 |    12 |       ||    14
Dodge: Dodged            |    68 |   111 |   286 |    86 ||   551
